Map: Ruins of Seras

Players

oliM - Winner!

  • Race: Protoss Protoss
  • League: Master

Ezechil

  • Race: Zerg Zerg
  • League: Master

VOD

Have the link to the VOD?

Description

Time

  • Played on: Feb. 6, 2016, 12:54 a.m.
  • Length: 9:40
Show
View Real Time Build Order
Export as new Build Order

oliM Protoss - Winner!

Build Orders: Nexus First, Dark Templar Rush 

Get SALT Encoding   

  12  0:00  Probe (Chrono Boost)  
  13  0:11  Probe (Chrono Boost)  
  14  0:19  Pylon  
  14  0:22  Probe (Chrono Boost)  
  15  0:38  Probe (Chrono Boost)  
  16  0:48  Probe (Chrono Boost)  
  17  0:59  Nexus  
  17  1:09  Gateway  
  17  1:13  Probe (Chrono Boost)  
  18  1:23  Probe (Chrono Boost)  
  18  1:24  Assimilator  
  19  1:28  Assimilator  
  19  1:34  Probe (Chrono Boost)  
  20  1:44  Probe (Chrono Boost)  
  21  1:53  Pylon  
  21  1:55  Probe (Chrono Boost)  
  21  2:00  Cybernetics Core  
  22  2:05  Probe (Chrono Boost)  
  23  2:15  Probe (Chrono Boost)  
  24  2:16  Probe (Chrono Boost)  
  25  2:26  Probe x2 (Chrono Boost)  
  27  2:36  Zealot, Probe (Chrono Boost)  
  30  2:37  Probe (Chrono Boost)  
  31  2:45  Pylon  
  31  2:47  Mothership Core (Chrono Boost)  
  31  2:48  Probe (Chrono Boost)  
  35  2:58  Probe (Chrono Boost)  
  35  3:03  Stalker  
  37  3:06  Twilight Council, Probe (Chrono Boost)  
  37  3:10  Probe (Chrono Boost)  
  39  3:16  Probe (Chrono Boost)  
  40  3:21  Probe (Chrono Boost)  
  40  3:27  Probe (Chrono Boost)  
  42  3:28  Pylon  
  42  3:31  Probe (Chrono Boost)  
  43  3:36  Warp Gate (Chrono Boost), Probe (Chrono Boost)  
  44  3:42  Probe  
  44  3:43  Dark Shrine  
  44  3:46  Probe  
  46  3:49  Assimilator  
  46  3:53  Assimilator  
  46  3:55  Probe  
  47  3:57  Probe  
  47  3:59  Gateway  
  48  4:02  Gateway  
  48  4:07  Probe (Chrono Boost)  
  48  4:08  Gateway  
  49  4:11  Probe (Chrono Boost)  
  49  4:12  Pylon  
  50  4:19  Probe (Chrono Boost)  
  50  4:22  Probe (Chrono Boost)  
  52  4:30  Probe (Chrono Boost)  
  53  4:33  Probe (Chrono Boost)  
  53  4:34  Gateway  
  53  4:37  Gateway  
  54  4:39  Gateway  
  54  4:44  Gateway  
  54  4:47  Gateway  
  54  4:57  Probe (Chrono Boost)  
  55  5:00  Pylon  
  55  5:04  Robotics Facility  
  55  5:11  Probe  
  56  5:25  Nexus  
  56  5:28  Pylon  
  56  5:29  Pylon  
  56  5:43  Dark Templar x3  
  56  5:44  Dark Templar x3  
  68  5:51  Dark Templar  
  68  5:52  Dark Templar  
  68  5:56  Dark Templar  
  74  6:10  Probe  
  75  6:17  Robotics Bay  
  75  6:18  Pylon  
  75  6:20  Pylon  
  75  6:28  Probe  
  75  6:31  Robotics Facility  
  75  6:32  Probe  
  76  6:37  Pylon  
  77  6:40  Probe  
  77  6:42  Probe, Warp Prism (Chrono Boost)  
  77  6:44  Robotics Facility, Probe  
  77  6:47  Pylon  
  76  6:58  Probe  
  76  6:59  Probe  
  78  7:02  Zealot  
  80  7:11  Probe  
  80  7:15  Probe  
  77  7:18  Probe  
  77  7:21  Disruptor (Chrono Boost)  
  82  7:26  Dark Templar  
  82  7:27  Dark Templar x3  
  84  7:33  Disruptor (Chrono Boost)  
  89  7:38  Warp Prism (Chrono Boost)  
  89  7:40  Probe  
  89  7:41  Probe  
  89  7:43  Assimilator  
  91  7:45  Assimilator  
  91  7:48  Probe  
  92  7:53  Disruptor (Chrono Boost)  
  96  8:10  Disruptor (Chrono Boost)  
  91  8:14  Disruptor (Chrono Boost)  
  91  8:16  Probe  
  87  8:32  Pylon  
  83  8:34  Dark Templar  
  83  8:35  Zealot x2, Dark Templar  
  83  8:36  Zealot x4  
  97  8:57  Disruptor (Chrono Boost)  
  97  9:01  Stalker x2  
Show
View Real Time Build Order
Export as new Build Order

Ezechil Zerg 

Build Orders: Hatch First 

Get SALT Encoding   

  12  0:00  Drone  
  13  0:12  Overlord  
  13  0:17  Drone  
  14  0:31  Drone x2  
  14  0:34  Drone  
  17  0:55  Hatchery  
  16  0:59  Drone  
  16  1:02  Drone  
  18  1:09  Drone  
  18  1:11  Extractor  
  18  1:23  Spawning Pool  
  18  1:25  Drone  
  18  1:29  Drone  
  19  1:39  Drone  
  20  1:52  Overlord  
  20  2:04  Drone  
  20  2:07  Drone  
  22  2:09  Queen  
  22  2:11  Queen  
  26  2:19  Metabolic Boost  
  26  2:20  Drone  
  27  2:23  Drone  
  27  2:26  Drone  
  27  2:29  Drone  
  30  2:35  Drone  
  31  2:40  Drone  
  31  2:44  Drone  
  33  2:52  Hatchery  
  33  2:55  Overlord  
  33  2:58  Zergling x2  
  33  3:01  Drone  
  33  3:04  Drone  
  35  3:11  Overlord  
  35  3:15  Drone  
  35  3:17  Queen  
  35  3:18  Drone  
  35  3:19  Drone x2  
  41  3:22  Drone  
  41  3:23  Drone  
  41  3:26  Drone  
  44  3:28  Overlord  
  44  3:30  Drone  
  45  3:38  Drone x2  
  47  3:48  Extractor x2  
  46  3:53  Drone  
  46  3:54  Drone x4  
  46  3:55  Drone x3  
  53  3:57  Queen  
  55  4:06  Overlord  
  55  4:07  Drone  
  55  4:08  Drone  
  57  4:11  Roach Warren  
  57  4:14  Drone, Evolution Chamber  
  57  4:15  Drone  
  57  4:16  Drone  
  58  4:23  Overlord  
  58  4:24  Drone  
  58  4:25  Drone x4  
  58  4:30  Overlord  
  63  4:31  Lair  
  63  4:35  Drone x2  
  63  4:37  Overlord  
  65  4:41  Zerg Missile Weapons Level 1  
  65  4:46  Extractor, Drone x2  
  66  4:56  Roach x3  
  72  5:04  Roach x5  
  72  5:05  Roach  
  84  5:10  Roach  
  84  5:11  Roach  
  88  5:14  Overlord x4  
  88  5:23  Roach  
  89  5:31  Overlord x3  
  89  5:33  Roach  
  89  5:34  Roach x5  
  101  5:38  Glial Reconstitution  
  101  5:40  Roach  
  101  5:41  Roach  
  105  5:45  Drone x3  
  105  5:48  Extractor  
  107  5:53  Overseer  
  107  5:56  Roach x4  
  115  5:58  Roach  
  115  6:01  Overlord  
  117  6:05  Roach x3  
  117  6:06  Roach  
  117  6:08  Roach  
  127  6:14  Overlord  
  127  6:15  Overlord  
  127  6:17  Roach x3  
  133  6:18  Zergling x2  
  133  6:24  Zergling x2  
  134  6:29  Overseer  
  123  7:08  Hatchery  
  123  7:12  Hatchery  
  117  7:33  Hatchery  
Tags
 
Add a new tag
Caveats
  • Supply blocks, unpowered buildings, or Contaminate may cause inaccurate times.
  • Supply counts are checked every 10 seconds.